Match 20696115
Unlisted

Match 20696115
End
Construct Infanterie Kompanie
Pioneer Squad
Pioneer Squad
Selects Breakthrough Battlegroup
Selects Assault Grenadiers
MG 42 Machine Gun Team
Grenadier Squad
Grenadier Squad
Grenadier Squad
Construct Luftwaffe Kompanie
Support Elements
Wirbelwind Flakpanzer
Selects Rapid Production
Medical Station
Marder III M Tank Destroyer
Luftwaffe Officer Quarters
Flak 30 Anti-aircraft Gun Team
Selects Blitzkrieg
Jono
DirtyDan
0
0

Comments sign in to comment!

No comments posted yet!